 Dungeon Crawl Stone Soup version 0.26.0-41-g79a4fc7684 (webtiles) character file.

Game seed: 2190132303493312268

794 kaeus the Insei (level 7, -2/46 HPs)
             Began as an Octopode Transmuter on Jan 26, 2021.
             Was an Initiate of Gozag.
             Killed from afar by a white imp (8 damage)
             ... with a puff of frost
             ... on level 5 of the Dungeon.
             The game lasted 00:14:11 (5492 turns).

kaeus the Insei (Octopode Transmuter)               Turns: 5492, Time: 00:14:12

Health: -2/46      AC:  1    Str: 15    XL:     7   Next: 89%
Magic:  12/12      EV: 15    Int: 16    God:    Gozag
Gold:   218        SH:  6    Dex: 16    Spells: 6/12 levels left

rFire    + . .     SeeInvis .   o - +8 dagger "Dragonbane" {elec, Stlth+}
rCold    . . .     Faith    .   e - +2 buckler
rNeg     + . .     Spirit   .   (helmet currently unavailable)
rPois    .         Reflect  .   (no amulet)
rElec    .         Harm     .   n - +6 ring of strength
rCorr    .         Rampage  .   (no ring)
Will     .....                  l - ring of Yrchoege {rF+ rN+ Dex+2}
Stlth    +++++.....             (no ring)
HPRegen  0.15/turn              (no ring)
MPRegen  0.13/turn              (no ring)
                                (no ring)
                                (no ring)

@: appendages (expiring), gold aura
A: almost no armour, stealthy swim, amphibious, 8 rings, constrict 8, tentacle
spike 3, camouflage 1, gelatinous body 1
a: End Transformation, Renounce Religion, Potion Petition, Call Merchant, Bribe
Branch


You were on level 5 of the Dungeon.
You worshipped Gozag.
Gozag was aware of your devotion.
One of your tentacles had a temporary spike.
You visited 1 branch of the dungeon, and saw 5 of its levels.

You collected 527 gold pieces.
You spent 289 gold pieces at shops.
You paid 20 gold pieces to Gozag.

Inventory:

Hand Weapons
 b - a +1 hand axe of electrocution
 o - the +8 dagger "Dragonbane" (weapon) {elec, Stlth+}
   (You bought it in a shop on level 4 of the Dungeon)

   Occasionally, upon striking a foe, it can discharge electrical energy and
   cause terrible harm.
   It makes you more stealthy.
 q - a +2 vorpal hand axe
Armour
 e - a +2 buckler (worn)
Jewellery
 k - an uncursed ring of ice
 l - the ring of Yrchoege (on tentacle) {rF+ rN+ Dex+2}
   (You bought it in a shop on level 4 of the Dungeon)

   [ring of protection from fire]

   It affects your dexterity (+2).
   It protects you from fire.
   It protects you from negative energy.
 n - a +6 ring of strength (left tentacle)
Wands
 s - a wand of polymorph (3)
Scrolls
 g - a scroll of noise {unknown}
 h - 4 scrolls of identify
 i - 3 scrolls of remove curse
 j - a scroll of fog
 u - a scroll of enchant weapon
Potions
 a - a potion of flight {unknown}
 c - a potion of heal wounds
 d - a potion of mutation {unknown}
 f - a potion of curing {unknown}
 m - 2 potions of attraction {unknown}
 p - a potion of invisibility {unknown}
 r - a potion of brilliance {unknown}
 t - a potion of might {unknown}


   Skills:
 + Level 3.2 Fighting
 + Level 3.8 Dodging
 + Level 4.0 Stealth
 + Level 1.8 Shields
 + Level 4.4 Unarmed Combat
 + Level 3.4 Spellcasting
 * Level 4.3 Transmutations


You had 6 spell levels left.
You knew the following spells:

 Your Spells              Type           Power        Failure   Level
a - Beastly Appendage     Tmut           32%          4%          1
b - Blade Hands           Tmut           8%           73%         5

Your spell library contained the following spells:

 Spells                   Type           Power        Failure   Level
 Wereblood                Tmut           16%          6%          2
 Spider Form              Tmut/Pois      4%           28%         3
 Ice Form                 Ice/Tmut       9%           67%         4


Dungeon Overview and Level Annotations

Branches:
Dungeon (5/15)
 Temple: D:4-7

Altars:
Gozag
Xom

Shops:
D:2 *   D:4 *(:

Annotations:
D:4 Sigmund


Innate Abilities, Weirdness & Mutations

You cannot wear most types of armour.
You are very stealthy in the water. (Stealth+)
You are amphibious.
You can wear up to eight rings at the same time.
You can use your tentacles to constrict eight enemies at once.
Your skin changes colour to match your surroundings (Stealth+).
Your rubbery body absorbs attacks. (AC +1, EV +1)
One of your tentacles bears a large vicious spike.


Message History

You regained 13 hp, and now have 15/46 hp.
You puncture the ice beast!
Lightning courses through the ice beast!
You kill the ice beast!
The white imp shouts, "Bolt, thou wayward mumble-news urchin!"
The white imp gestures at you. The puff of frost hits you!
* * * LOW HITPOINT WARNING * * *
Your Stealth skill increases to level 4!
You take 9 damage, and have 6/46 hp.
Your transformation is almost over.
The white imp barely misses you.
MP restored: 12 You hit the white imp.
Your grab misses the white imp.
You pierce the white imp.
The white imp is almost dead.
The white imp gestures at you. The puff of frost hits you!
You die...
Your body crumbles into a pile of gold.

#.........
#.........
#.........
.........
.........
#........
##.5<.....
#$@.......
#..$......
#.........
#...?.....
#.........
#.........
#.........
#.........
#..........


You could see a white imp.

Vanquished Creatures
  Edmund (D:4)
  An ice beast (D:5)
  A phantom (D:5)
  A bullfrog (D:5)
  2 orc priests (D:3)
  A bullfrog zombie (D:5)
  A bullfrog skeleton (D:5)
  A centaur skeleton (D:4)
  A gnoll shaman (D:4)
  Terence (D:2)
  7 gnolls
  6 adders
  A shadow imp (D:5)
  An ooze (D:2)
  An adder skeleton (D:4)
  A worm (D:3)
  3 dart slugs
  4 leopard geckos
  4 orcs
  A ball python (D:2)
  3 giant cockroaches
  6 goblins
  5 hobgoblins
  3 jackals (D:2)
  3 quokkas
  8 bats
  6 frilled lizards
  8 kobolds
  6 rats
88 creatures vanquished.

Vanquished Creatures (others)
  A plant (D:2)
1 creature vanquished.

Grand Total: 89 creatures vanquished

Notes
Turn   | Place    | Note
-------+----------+-------------------------------------------
     0 | D:1      | kaeus the Octopode Transmuter began the quest for the Orb.
     0 | D:1      | Reached XP level 1. HP: 13/13 MP: 3/3
   415 | D:1      | Reached XP level 2. HP: 18/18 MP: 3/5
  1179 | D:2      | Noticed Terence
  1182 | D:2      | Reached XP level 3. HP: 22/23 MP: 4/6
  1185 | D:2      | Killed Terence
  1186 | D:2      | Reached skill level 1 in Stealth
  1356 | D:2      | Found a faded altar of an unknown god.
  1439 | D:2      | Reached XP level 4. HP: 26/29 MP: 5/7
  1864 | D:2      | Found Gozag's Platinum Reserve.
  1864 | D:2      | Found an opulent altar of Gozag.
  1874 | D:2      | Became a worshipper of Gozag Ym Sagoz the Greedy
  2376 | D:2      | Reached XP level 5. HP: 27/34 MP: 8/8
  3272 | D:3      | Reached XP level 6. HP: 35/40 MP: 8/10
  3322 | D:3      | Learned a level 5 spell: Blade Hands
  4020 | D:4      | Found Qapluvov's Book Shop.
  4030 | D:4      | Noticed Edmund
  4046 | D:4      | Killed Edmund
  4246 | D:4      | Reached skill level 1 in Shields
  4687 | D:4      | Found Ytiamam's Assorted Antiques.
  4714 | D:4      | Bought a granite ring for 85 gold pieces
  4714 | D:4      | Bought a pitted bone ring for 85 gold pieces
  4714 | D:4      | Bought an ebony dagger for 119 gold pieces
  4714 | D:4      | Identified the +8 dagger "Dragonbane" {elec, Stlth+} (You
                  | bought it in a shop on level 4 of the Dungeon)
  4716 | D:4      | Identified the ring of Yrchoege {rF+ rN+ Dex+2} (You bought
                  | it in a shop on level 4 of the Dungeon)
  4815 | D:4      | Reached XP level 7. HP: 45/45 MP: 9/11
  4903 | D:4      | Found Firubuepn's Antique Weapon Shoppe.
  4911 | D:4      | Found a shimmering altar of Xom.
  4914 | D:4      | Noticed Sigmund
  4919 | D:4      | Found a shimmering altar of Xom.
  4921 | D:4      | Found a shimmering altar of Xom.
  4921 | D:4      | Found a shimmering altar of Xom.
  4921 | D:4      | Found a shimmering altar of Xom.
  4921 | D:4      | Found a shimmering altar of Xom.
  4922 | D:4      | Found a shimmering altar of Xom.
  4926 | D:4      | Found a shimmering altar of Xom.
  5290 | D:5      | Entered Level 5 of the Dungeon
  5488 | D:5      | HP: 2/46 [ice beast (14)]
  5492 | D:5      | Killed from afar by a white imp

Illustrated notes

Levels and vault maps discovered:
D:1:      dpeg_arrival_pits, layout_basic, serial_forest,
          infiniplex_forest_clump_small, infiniplex_forest_clump_medium,
          infiniplex_forest_corner_2, infiniplex_forest_straight_2,
          infiniplex_forest_corner_1, infiniplex_forest_zigzag_1,
          infiniplex_forest_straight_4, infiniplex_forest_straight_4
D:2:      layout_basic, chequers_ecumenical_altar_grove, serial_curves,
          eino_curves_04, eino_curves_04, corexii_shack,
          nicolae_gozag_zags_fifth_avenue, uniq_terence
D:3:      layout_rooms
D:4:      layout_basic, serial_shops, shop, shop_fountains, shop,
          chequers_serial_rivers_room_a, xom_redecorated, uniq_sigmund,
          uniq_edmund
D:5:      layout_gridville, uniq_menkaure

Skill      XL: |  1  2  3  4  5  6  7 |
---------------+----------------------+-----
Stealth        | 1 2 3 4 |  4.0
Fighting       | 2 3 |  3.2
Dodging        | 3 |  3.8
Spellcasting   | 3 |  3.4
Transmutations | 3 4 |  4.3
Unarmed Combat | 4 |  4.4
Shields        | 1 |  1.8

Action                   |  1- 3 |  4- 6 |  7- 9 || total
-------------------------+-------+-------+-------++-------
Melee: Hand axe          |    42 |    87 |       ||   129
       Unarmed           |     6 |       |       ||     6
       Constrict         |    13 |    24 |     4 ||    41
       Kick              |     9 |    21 |     8 ||    38
       Tentacles         |     3 |    14 |     6 ||    23
       Punch             |       |     3 |       ||     3
       Dagger            |       |     1 |    31 ||    32
 Cast: Beastly Appendage |    19 |    26 |     5 ||    50
  Use: Scroll            |       |     9 |       ||     9
       Potion            |       |     1 |     2 ||     3
 Stab: Sleeping          |     3 |     9 |       ||    12
Armor: Skin              |     6 |     6 |     1 ||    13
Dodge: Dodged            |    35 |    53 |    16 ||   104
Block: Buckler           |     7 |    14 |     7 ||    28
